 Dungeon Crawl Stone Soup version 0.28-a0-861-ge64d6db94f (webtiles) character file.

Game seed: 3326298449471949250

2760 LutherGrant the Cleaver (level 9, -7/79 HPs)
             Began as a Minotaur Fighter on Nov 15, 2021.
             Was a Priest of Nemelex Xobeh.
             Killed by divine providence
             ... invoked by an orc priest
              (13 damage)
             ... on level 7 of the Dungeon.
             The game lasted 00:15:34 (6671 turns).

LutherGrant the Cleaver (Minotaur Fighter)          Turns: 6671, Time: 00:15:35

Health: -7/79      AC: 16    Str: 24    XL:     9   Next: 41%
Magic:  8/8        EV:  7    Int:  5    God:    Nemelex Xobeh [***...]
Gold:   357        SH:  9    Dex: 10    Spells: 8/8 levels left

rFire   . . .      SeeInvis .   a - +0 war axe
rCold   . . .      Faith    .   F - +0 kite shield
rNeg    . . .      Spirit   .   D - +2 chain mail {Will+}
rPois   .          Reflect  .   (helmet restricted)
rElec   .          Harm     .   (no cloak)
rCorr   .          Rampage  .   (no gloves)
Will    +....                   (no boots)
Stlth   ..........              x - amulet of magic regeneration
HPRegen 0.23/turn               y - +4 ring of protection
MPRegen 0.36/turn               (no ring)

@: lethally poisoned (-7 -> -9)
A: horns 2, retaliatory headbutt
a: Renounce Religion, Draw Escape, Draw Destruction, Draw Summoning, Triple Draw


You were on level 7 of the Dungeon.
You worshipped Nemelex Xobeh.
Nemelex Xobeh was most pleased with you.
You visited 1 branch of the dungeon, and saw 7 of its levels.

You collected 357 gold pieces.

Inventory:

Hand Weapons
 a - a +0 war axe (weapon)
 l - a +0 hand axe
Missiles
 j - 2 javelins (quivered)
 q - 2 throwing nets
 v - 40 poisoned darts
 E - 4 boomerangs
Armour
 b - a +0 scale mail
 c - a +0 buckler
 k - a +0 chain mail
 B - a +0 troll leather armour
 D - a +2 chain mail of willpower (worn)
 F - a +0 kite shield (worn)
Jewellery
 x - an amulet of magic regeneration (around neck)
 y - a +4 ring of protection (left hand)
Wands
 u - a wand of iceblast (8)
 G - a wand of flame (21)
Scrolls
 f - 3 scrolls of identify
 g - 3 scrolls of magic mapping {unknown}
 o - a scroll of summoning {unknown}
 p - 4 scrolls of teleportation
 r - 3 scrolls of immolation {unknown}
 s - 3 scrolls of noise {unknown}
 t - 2 scrolls of fog {unknown}
 w - a scroll of enchant weapon {unknown}
 A - a scroll of brand weapon {unknown}
 C - 2 scrolls of blinking {unknown}
Potions
 d - 2 potions of haste {unknown}
 e - a potion of heal wounds {unknown}
 h - a potion of attraction {unknown}
 i - a potion of resistance {unknown}
 m - 2 potions of curing
 n - a potion of ambrosia {unknown}
 z - a potion of degeneration {unknown}


   Skills:
 + Level 7.2 Fighting
 + Level 10.4 Axes
 + Level 0.3 Throwing
 + Level 7.9 Armour
 + Level 1.4 Dodging
 + Level 1.2 Stealth
 + Level 7.3 Shields


You had 8 spell levels left.
You didn't know any spells.
Your spell library contained the following spells:

 Spells                   Type           Power      Damage    Failure   Level
 Sandblast                Erth           0%         2d4       100%        1
 Slow                     Hex            0%         N/A       100%        1
 Passwall                 Tmut/Erth      0%         N/A       100%        2
 Confusing Touch          Hex            0%         N/A       100%        3
 Stone Arrow              Conj/Erth      0%         3d7       100%        3
 Passage of Golubria      Tloc           0%         N/A       100%        4
 Blade Hands              Tmut           0%         N/A       100%        5
 Irradiate                Conj/Tmut      0%         3d13      100%        5
 Silence                  Hex/Air        0%         N/A       100%        5
 Yara's Violent Unravell  Hex/Tmut       0%         3d3       100%        5
 Dragon Form              Tmut           0%         N/A       100%        7
 Lehudib's Crystal Spear  Conj/Erth      0%         10d2      100%        8


Dungeon Overview and Level Annotations

Branches:
Dungeon (7/15)             Temple (0/1) D:5

Altars:
Kikubaaqudgha
Nemelex Xobeh
Uskayaw
Vehumet
Wu Jian
Zin
The Shining One

Annotations:
D:6 2 transporters, lawman0's ghost, novice DjWz


Innate Abilities, Weirdness & Mutations

You have a pair of horns on your head.
You reflexively headbutt those who attack you in melee.


Message History

You are poisoned.
The scorpion poisons you!
You hit the scorpion but do no damage.
You feel very sick.
The scorpion stings you but does no damage.
An orc priest comes into view. It is wielding a +0 whip.
You block the scorpion's attack.
You are too injured to fight recklessly!
You are too injured to fight recklessly!
You barely miss the scorpion.
You feel very sick.
An orc comes into view. It is wielding a +0 club.
You block the scorpion's attack.
The orc warrior hits you but does no damage.
You hit the scorpion but do no damage. You headbutt the scorpion.
The scorpion is lightly wounded.
You feel sick. The scorpion barely misses you. You furiously retaliate!
You headbutt the scorpion! You block the orc warrior's attack.
You slash the scorpion!
You kill the scorpion!
You feel sick.
The orc priest calls down the wrath of Beogh upon you.
Beogh smites you!
* * * LOW HITPOINT WARNING * * *
The orc warrior hits you from afar with a +0 halberd!
* * * LOW HITPOINT WARNING * * *
You block the orc's attack.
You draw a card...
You have drawn Velocity.
The orc seems to slow down.
The orc warrior seems to slow down.
The orc priest seems to slow down.
You feel sick.
The orc warrior hits you from afar with a +0 halberd.
* * * LOW HITPOINT WARNING * * *
You feel sick.
Things that are here:
a +0 mace; a +0 leather armour You feel sick.
The orc priest mumbles some strange prayers to Beogh against you.
Beogh smites you!
You die...
Your body glows slightly and disappears.

#..##.##.#
#........######
#...>..)....##.. #
#.<###.####.##.####
.# #..#
#.####>##....# ..#
######.##.)))...#
...# #.......##.##
....#
#..##.#.##.####.....#
#........#.@)oooo.#
#..#....)).######....
#.....#..#.....# #
...#.##..#.....#
...#. #........# . .
...#.....# .#
..###.....# ...
..##### .#.. ###


You could see an orc warrior (slow), an orc priest (slow) and 2 orcs.

Vanquished Creatures
  A troll (D:6)
  Grinder (D:5)
  A meliai zombie (D:6)
  A wyvern (D:5)
  An orc warrior (D:7)
  2 black bears
  4 necrophages
  An ogre (D:6)
  A kobold brigand (D:7)
  2 scorpions
  A water moccasin zombie (D:6)
  2 centaur zombies
  2 bullfrog zombies (D:5)
  6 hounds
  2 orc priests
  2 bullfrog skeletons
  3 jellies
  2 centaur skeletons (D:6)
  2 iguanas (D:6)
  2 orc wizards
  A killer bee zombie (D:6)
  A howler monkey zombie (D:7)
  A howler monkey skeleton (D:5)
  8 gnolls
  13 adders
  A shadow imp (D:6)
  An adder skeleton (D:5)
  3 worms
  11 dart slugs
  23 orcs
  6 ball pythons
  4 endoplasms
  9 giant cockroaches
  4 goblins
  11 hobgoblins
  10 kobolds
  2 quokkas (D:5)
  2 bats (D:1)
  5 frilled lizards
  2 rats
157 creatures vanquished.

Vanquished Creatures (collateral kills)
  A gnoll shaman (D:6)
  A gnoll (D:6)
2 creatures vanquished.

Grand Total: 159 creatures vanquished

Notes
Turn   | Place    | Note
-------+----------+-------------------------------------------
     0 | D:1      | LutherGrant the Minotaur Fighter began the quest for the
                  | Orb.
     0 | D:1      | Reached XP level 1. HP: 19/19 MP: 0/0
   265 | D:1      | Reached XP level 2. HP: 24/27 MP: 1/1
   525 | D:1      | Reached XP level 3. HP: 33/33 MP: 2/2
   683 | D:2      | Reached skill level 3 in Axes
   965 | D:2      | Reached XP level 4. HP: 38/40 MP: 3/3
  1397 | D:2      | Found a faded altar of an unknown god.
  1594 | D:2      | Prayed at the altar of an unknown god.
  1594 | D:2      | Became a worshipper of Nemelex Xobeh the Trickster
  1594 | D:2      | Reached * piety under Nemelex Xobeh
  1773 | D:3      | Reached skill level 4 in Axes
  1886 | D:3      | Received a gift from Nemelex Xobeh
  1947 | D:3      | Found a sparkling altar of Nemelex Xobeh.
  2083 | D:3      | Found a hide-covered altar of Uskayaw.
  2083 | D:3      | Noticed a +0 hand axe
  2083 | D:3      | Noticed a +0 hand axe
  2250 | D:3      | Reached XP level 5. HP: 33/47 MP: 4/4
  2404 | D:3      | Reached ** piety under Nemelex Xobeh
  2430 | D:3      | Reached skill level 5 in Axes
  3136 | D:4      | Found a transporter.
  3152 | D:4      | Found a transporter.
  3452 | D:4      | Received a gift from Nemelex Xobeh
  3471 | D:4      | Reached XP level 6. HP: 10/53 MP: 5/5
  3474 | D:4      | Reached skill level 5 in Armour
  3968 | D:4      | Reached skill level 6 in Axes
  3968 | D:4      | Reached skill level 5 in Shields
  4065 | D:4      | Found a radiant altar of Vehumet.
  4204 | D:5      | Entered Level 5 of the Dungeon
  4204 | D:5      | Found a glowing silver altar of Zin.
  4218 | D:5      | Noticed an ice beast
  4231 | D:5      | Noticed an acid dragon
  4231 | D:5      | an ice beast changed into an acid dragon
  4232 | D:5      | Noticed a wyvern
  4232 | D:5      | an acid dragon changed into a wyvern
  4329 | D:5      | Reached XP level 7. HP: 40/60 MP: 6/6
  4329 | D:5      | Killed a wyvern
  4330 | D:5      | Reached skill level 5 in Fighting
  4516 | D:5      | Reached skill level 7 in Axes
  4537 | D:5      | Found a staircase to the Ecumenical Temple.
  4956 | D:5      | Noticed Grinder
  4967 | D:5      | Killed Grinder
  4968 | D:5      | Reached skill level 8 in Axes
  4968 | D:5      | Reached skill level 1 in Dodging
  4968 | D:5      | Reached skill level 1 in Stealth
  4968 | D:5      | Reached XP level 8. HP: 66/69 MP: 7/7
  5202 | D:5      | Reached *** piety under Nemelex Xobeh
  5364 | D:6      | Found a glowing golden altar of the Shining One.
  5434 | D:6      | Noticed a troll
  5442 | D:6      | Killed a troll
  5446 | D:6      | Reached skill level 9 in Axes
  5717 | D:6      | Found a transporter.
  5718 | D:6      | Identified the +4 dire flail of Suesicur {distort, rC-
                  | Dex+4}
  5718 | D:6      | Identified the +4 dire flail of Mayhem {freeze, rPois rF-
                  | Will+ Str+4}
  5718 | D:6      | Noticed a two-headed ogre
  5721 | D:6      | Noticed lawman0's ghost (novice DjWz)
  5748 | D:6      | Found a transporter.
  5949 | D:6      | Reached XP level 9. HP: 73/78 MP: 8/8
  5981 | D:6      | Received a gift from Nemelex Xobeh
  6106 | D:6      | Reached skill level 10 in Axes
  6349 | D:6      | Found an ornate altar of the Wu Jian Council.
  6489 | D:7      | Found an ancient bone altar of Kikubaaqudgha.
  6671 | D:7      | Killed from afar by an orc priest

Illustrated notes

Levels and vault maps discovered:
D:1:      dpeg_arrival_rooms_a, layout_basic, minmay_worlds_worst_comb
D:2:      layout_loops_ring, chequers_ecumenical_altar_simple_redux,
          minmay_misc_feat_tiny, minmay_misc_feat_chi, minmay_bisected
D:3:      kennysheep_slugbush, layout_basic, lemuel_round_altar,
          dancing_weapons_uskayaw, cheibrodos_sewer_entry_bend,
          minmay_crystal_water
D:4:      gammafunk_wand_slinger, layout_basic, mainiacjoe_overflow_paths
D:5:      minmay_diamond_boxcup, layout_rooms, amcnicky_altar_gilded,
          minmay_temple_entry_arrows, minmay_misc_feat_x, uniq_grinder
D:6:      wad_river_or_something, layout_basic, nicolae_wu_jian_glorious_leap,
          mainiacjoe_overflow_brackets, gammafunk_ghost_smash,
          supply_closet_lemuel
D:7:      layout_loops_cross, nicolae_overflow_hidden_temple,
          nicolae_overflow_crystal_walls, gammafunk_ghost_cemetery

Skill      XL: |  1  2  3  4  5  6  7  8  9 |
---------------+----------------------------+-----
Armour         | 4 5 6 7 |  7.9
Shields        | 4 5 6 7 |  7.3
Fighting       | 4 5 6 7 |  7.2
Axes           | 3 4 5 6 8 9 10 | 10.4
Dodging        | 1 |  1.4
Stealth        | 1 |  1.2
Throwing       | |  0.3

Action                   |  1- 3 |  4- 6 |  7- 9 || total
-------------------------+-------+-------+-------++-------
Melee: War axe           |    59 |   143 |   208 ||   410
       Headbutt          |     9 |    17 |    40 ||    66
Throw: Javelin           |       |     2 |       ||     2
Invok: Draw Destruction  |       |     5 |     4 ||     9
       Draw Summoning    |       |     1 |     1 ||     2
       Draw Escape       |       |     1 |     1 ||     2
  Use: Potion            |       |     1 |       ||     1
       Scroll            |       |       |     2 ||     2
 Stab: Distracted        |       |     1 |       ||     1
Armor: Scale mail        |    18 |       |       ||    18
       Chain mail        |     5 |    88 |   147 ||   240
Dodge: Dodged            |    43 |    67 |    87 ||   197
Block: Buckler           |    14 |    40 |    39 ||    93
       Kite shield       |       |       |    12 ||    12

Table legend: (Time is in decaauts)
 A = Elapsed time spent in this place.
 B = Non-inter-level travel time spent in this place.
 C = Inter-level travel time spent in this place.
 D = Time resting spent in this place.
 E = Time spent auto-exploring this place.
 F = Levels seen in this place.
 G = Mean time per level.
                   A        B        C        D        E       F      G
               +--------+--------+--------+--------+--------+-----+--------+
         Total |   6778 |   6517 |    261 |    180 |   5080 |   7 |  968.3 |
       Dungeon |   6778 |   6517 |    261 |    180 |   5080 |   7 |  968.3 |
               +--------+--------+--------+--------+--------+-----+--------+

Top non-repeatable levels by time:
     D:3: 1441 daAuts
     D:4: 1171 daAuts
     D:6: 1125 daAuts
     D:2: 1120 daAuts
     D:5: 1083 daAuts
     D:1: 642 daAuts
     D:7: 193 daAuts
